AoeStats
← meditator27

Arena

507173429Analyzed
4v4 RM · 14d ago on Sep 17, 2026· 53m 59s· 8 players
Game mode
Random Map
Map size
Large (8 player)
Population
200
Speed
Normal
Resources
Standard
Victory
Conquest
Starting age
Dark Age
Ending age
Imperial Age
RankedLock teamsTeams togetherTeam positionsShared explorationLock speedFull tech treeHidden civsTurbo modeCheats
Victory
Defeat
🇨🇴 Franks · Colombia
1338
+15
🇺🇸 Chinese · United States
1329
+16
🇪🇸 Britons · Spain
1318
+16
🇺🇸 Mongols · United States
1315
+16
🇲🇽 Khmer · Mexico
1395
-19
🇧🇷 Vietnamese · Brazil
1351
-17
🇹🇼 Bengalis · Taiwan
1287
-14
🇺🇸 Mongols · United States
1256
-13
Rett Mikhal
0:35 Loom
13:30 Feudal Age
14:51 Wheelbarrow
14:02 Double-Bit Axe
14:02 Horse Collar
19:21 Castle Age
18:08 Fletching
18:16 Stone Mining
18:30 Gold Mining
21:11 Bow Saw
21:03 Heavy Plow
22:57 Padded Archer Armor
23:55 Stone Shaft Mining
26:25 Gold Shaft Mining
27:22 Hand Cart
27:57 Bodkin Arrow
31:39 Great Wall
31:58 Town Watch
32:25 Masonry
32:28 Fortified Wall
36:26 Imperial Age
35:00 Leather Archer Armor
34:56 Thumb Ring
36:12 Ballistics
36:42 Scale Mail Armor
36:52 Forging
36:07 Pikeman
36:48 Squires
37:35 Elite Chu Ko Nu
39:22 Conscription
40:02 Bracer
40:32 Ring Archer Armor
40:32 Heavy Scorpion
42:15 Iron Casting
42:58 Rocketry
44:14 Two-Man Saw
44:19 Chemistry
43:49 Architecture
46:03 Elite Skirmisher
46:44 Arrowslits
47:20 Bombard Tower
47:20 Chain Mail Armor
49:19 Plate Mail Armor
50:54 Blast Furnace
50:00 Scale Barding Armor
50:28 Murder Holes
50:25 Guard Tower
52:40 Keep
52:23 Caravan
53:30 Town Patrol
53:02 Sappers
53:47 Clinker Construction
Crawsack
11:09 Feudal Age
14:47 Castle Age
12:36 Double-Bit Axe
12:31 Horse Collar
13:17 Stone Mining
20:04 Bow Saw
20:47 Fletching
22:55 Wheelbarrow
23:44 Bodkin Arrow
24:26 Loom
24:27 Town Watch
25:00 Hand Cart
25:54 Gold Mining
27:26 Heavy Plow
31:26 Imperial Age
28:58 Padded Archer Armor
30:06 Gold Shaft Mining
30:07 Stone Shaft Mining
30:03 Leather Archer Armor
30:10 Ballistics
30:29 Bloodlines
30:20 Husbandry
31:26 Thumb Ring
32:30 Conscription
31:34 Capped Ram
33:03 Siege Engineers
33:08 Siege Ram
34:12 Drill
34:53 Parthian Tactics
34:49 Heavy Scorpion
38:14 Hoardings
37:51 Masonry
37:52 Clinker Construction
37:39 Murder Holes
38:48 Chemistry
40:41 Fortified Wall
42:03 Bracer
42:07 Elite Mangudai
47:33 Scale Barding Armor
46:51 Light Cavalry
48:44 Chain Barding Armor
48:36 Forging
49:31 Hussar
50:12 Scale Mail Armor
50:27 Forging
53:41 Iron Casting
FC_YeyeAge10
11:09 Feudal Age
12:33 Town Watch
15:06 Castle Age
13:08 Double-Bit Axe
16:25 Bow Saw
21:15 Gold Mining
22:25 Scale Barding Armor
24:35 Wheelbarrow
23:46 Loom
24:45 Husbandry
26:47 Chain Barding Armor
30:06 Imperial Age
27:54 Hand Cart
28:39 Gold Shaft Mining
28:18 Stone Mining
28:40 Forging
28:21 Fletching
30:03 Iron Casting
29:21 Fletching
30:12 Cavalier
31:28 Plate Barding Armor
32:49 Blast Furnace
32:30 Conscription
31:44 Paladin
33:25 Masonry
34:06 Bodkin Arrow
34:43 Architecture
34:35 Ballistics
36:36 Hoardings
38:03 Chemistry
38:23 Chivalry
47:27 Light Cavalry
48:50 Caravan
Roig
10:55 Feudal Age
14:47 Castle Age
12:51 Double-Bit Axe
13:16 Horse Collar
17:51 Fletching
19:30 Padded Archer Armor
21:23 Ballistics
21:54 Bodkin Arrow
25:51 Loom
30:08 Town Watch
32:07 Heavy Plow
32:59 Bow Saw
33:25 Leather Archer Armor
33:15 Gold Mining
35:19 Wheelbarrow
37:29 Stone Mining
38:24 Hand Cart
43:56 Imperial Age
41:35 Scale Mail Armor
41:45 Forging
41:58 Pikeman
42:39 Squires
42:24 Gambesons
43:11 Chain Mail Armor
45:04 Iron Casting
45:49 Conscription
44:55 Halberdier
45:39 Bracer
46:43 Chemistry
45:54 Masonry
46:41 Ring Archer Armor
47:05 Plate Mail Armor
48:05 Gold Shaft Mining
48:31 Two-Man Saw
48:20 Capped Ram
48:24 Elite Longbowman
50:30 Arson
Snorkiss89
10:53 Feudal Age
14:26 Castle Age
12:39 Double-Bit Axe
12:35 Horse Collar
15:31 Bow Saw
15:27 Heavy Plow
23:37 Wheelbarrow
25:17 Gold Mining
25:18 Stone Mining
25:53 Hand Cart
26:58 Gold Shaft Mining
26:59 Stone Shaft Mining
27:47 Loom
30:33 Imperial Age
28:12 Fletching
28:40 Padded Archer Armor
29:02 Bodkin Arrow
29:44 Bloodlines
29:35 Husbandry
29:52 Leather Archer Armor
31:13 Ballistics
30:59 Thumb Ring
31:25 Bracer
32:26 Chemistry
32:21 Siege Engineers
32:10 Elite Mangudai
33:10 Conscription
34:10 Masonry
36:05 Light Cavalry
36:52 Scale Barding Armor
36:57 Forging
37:32 Coinage
37:57 Chain Barding Armor
36:59 Hussar
39:22 Iron Casting
40:44 Scale Mail Armor
41:45 Blast Furnace
44:04 Hoardings
45:22 Drill
46:35 Banking
48:04 Capped Ram
49:06 Siege Ram
HK El Primo
11:04 Feudal Age
13:52 Castle Age
12:04 Double-Bit Axe
12:00 Horse Collar
13:57 Loom
15:59 Heavy Plow
23:20 Bow Saw
28:07 Gold Mining
30:24 Fortified Wall
33:28 Imperial Age
32:01 Gold Shaft Mining
31:18 Stone Mining
31:53 Scale Barding Armor
31:59 Forging
32:47 Husbandry
33:03 Bloodlines
33:40 Ballistics
33:43 Chain Barding Armor
34:36 Stone Shaft Mining
34:43 Crop Rotation
35:17 Chemistry
33:45 Light Cavalry
36:38 Iron Casting
36:39 Plate Barding Armor
36:36 Elite Battle Elephant
37:00 Hussar
38:52 Conscription
38:34 Tusk Swords
41:29 Wheelbarrow
40:40 Town Watch
41:02 Capped Ram
41:52 Capped Ram
42:52 Hand Cart
42:38 Town Patrol
45:42 Fletching
45:58 Elite Skirmisher
46:51 Imperial Skirmisher
HateLamer
8:05 Loom
10:06 Feudal Age
14:58 Castle Age
13:16 Stone Mining
13:28 Double-Bit Axe
15:52 Bow Saw
15:57 Fletching
17:38 Gold Mining
19:04 Bodkin Arrow
21:28 Padded Archer Armor
24:06 Wheelbarrow
23:47 Horse Collar
26:47 Leather Archer Armor
26:19 Town Watch
27:24 Hand Cart
28:15 Ballistics
31:42 Imperial Age
30:42 Heavy Plow
32:02 Stone Shaft Mining
32:26 Bracer
33:36 Chemistry
37:58 Ring Archer Armor
37:18 Elite Rattan Archer
44:00 Scale Mail Armor
44:11 Forging
44:59 Chain Mail Armor
44:06 Elite Fire Lancer
44:59 Squires
45:50 Caravan
47:02 Plate Mail Armor
47:08 Iron Casting
48:12 Two-Man Saw
50:01 Arson
meditator27
10:49 Feudal Age
14:54 Castle Age
12:56 Double-Bit Axe
13:37 Horse Collar
16:06 Bow Saw
15:59 Heavy Plow
20:48 Wheelbarrow
22:49 Gold Mining
23:14 Stone Mining
24:52 Loom
28:27 Imperial Age
26:58 Fletching
27:08 Padded Archer Armor
28:06 Bodkin Arrow
29:15 Hand Cart
30:20 Two-Man Saw
29:47 Leather Archer Armor
33:30 Elite Elephant Archer
34:37 Bracer
36:30 Ring Archer Armor
37:36 Gold Shaft Mining
38:31 Ballistics
39:12 Chemistry
38:57 Forging
38:47 Scale Mail Armor
39:00 Elite Skirmisher
40:01 Conscription
39:56 Paiks
41:20 Crop Rotation
41:24 Masonry
41:33 Chain Mail Armor
41:54 Iron Casting
42:30 Conscription
42:45 Pikeman
43:48 Halberdier
45:02 Squires
47:15 Blast Furnace
45:49 Imperial Skirmisher
49:45 Mahayana
50:44 Scale Barding Armor
51:44 Bloodlines
51:34 Husbandry
51:24 Light Cavalry
Connection lost

Rejoining the realm…

Still unreachable

The connection could not be restored.

Session expired

The server has moved on; the page needs a fresh start.